 Dungeon Crawl Stone Soup version 0.23.2-1-ga50397a6bc (webtiles) character file.

Game seed: 15430490356962041768

193 MrMeerkat the Cudgeler (level 5, -9/33 HPs)
             Began as a Gargoyle Monk on May 20, 2019.
             Killed from afar by a frilled lizard (23 damage)
             ... with an exploding inner flame
             ... hexed by the player character
             ... on level 3 of the Dungeon.
             The game lasted 00:57:14 (2195 turns).

MrMeerkat the Cudgeler (Gargoyle Monk)              Turns: 2195, Time: 00:57:14

Health: -9/33      AC: 11    Str: 14    XL:     5   Next: 72%
Magic:  5/5        EV:  7    Int: 11    God:
Gold:   212        SH:  7    Dex: 13    Spells: 4/4 levels left

rFire    . . .     SeeInvis .   l - +0 morningstar
rCold    . . .     Gourm    .   r - +0 shield
rNeg     + . .     Faith    +   t - +0 scale mail
rPois    ∞         Spirit   .   q - +0 helmet
rElec    +         Reflect  .   (no cloak)
rCorr    +         Harm     .   (no gloves)
MR       .....                  (no boots)
Stlth    +.........             s - amulet of faith
HPRegen  0.11/turn              j - ring of resist corrosion
MPRegen  0.09/turn              (no ring)

@: no status effects
A: negative energy resistance 1, electricity resistance, unbreathing,
petrification resistance, rot immunity, AC +4
a: no special abilities


You were on level 3 of the Dungeon.
You were full.

You visited 1 branch of the dungeon, and saw 3 of its levels.

You collected 212 gold pieces.

Inventory:

Hand Weapons
 i - a +0 dagger of venom (quivered)
 l - a +0 morningstar (weapon)
Missiles
 e - 15 arrows
Armour
 b - a +0 scale mail
 q - a +0 helmet (worn)
 r - a +0 shield (worn)
 t - a +0 scale mail (worn)
Jewellery
 j - a ring of resist corrosion (left hand)
 s - an amulet of faith (around neck)
Scrolls
 d - a scroll of fog {unknown}
 f - a scroll of immolation
 g - 2 scrolls of magic mapping {unknown}
 h - 4 scrolls of identify
 k - a scroll of remove curse {unknown}
Potions
 p - 3 potions of curing
Comestibles
 c - 4 rations


   Skills:
 + Level 4.1 Fighting
 * Level 4.7 Maces & Flails
 + Level 1.2 Armour
 + Level 3.0 Dodging
 + Level 2.7 Stealth
 + Level 1.1 Shields


You had 4 spell levels left.
You didn't know any spells.
Your spell library was empty.

Dungeon Overview and Level Annotations

Branches:
Dungeon (3/15)

Altars:


Innate Abilities, Weirdness & Mutations

You are resistant to torment.
Your stone body is resilient. (AC +4)
You are immune to poison.
You resist negative energy. (rN+)
You are resistant to electric shocks. (rElec)
You can survive without breathing.
You are immune to petrification.
You are immune to rotting.


Message History

There is an escape hatch in the ceiling here.
You open the door.
There is an open door here.
You are too injured to fight recklessly!
You are too injured to fight recklessly!
As you read the scroll labeled ZACWIS ISTEAKH, it crumbles to dust.
The creatures around you are filled with an inner flame!
It was a scroll of immolation.
As you read the scroll labeled USKAQOF UDGHOT, it crumbles to dust.
It is a scroll of identify.
b - a +0 scale mail You miss the frilled lizard.
The frilled lizard barely misses you.
You hit the frilled lizard.
The frilled lizard is heavily wounded.
You block the frilled lizard's attack.
You puncture the frilled lizard!
The frilled lizard explodes!
The fiery explosion engulfs you!!
Ouch! That really hurt!
You die...

#..........# #
###..........# #
##............######## .#
#.........)..........# .#
#.............)......# .#
#....#####...#)......# .
#.>......+...'.......#
.####....#####..§#§......#
.....(.......+..@§.......+
####....######...#§......#
##.#....# #...#<......#
#...(#+## #...####w####
...###.#### ##### #.#
######....## #.##
#..........# #..#
...........# ##.#
........)..# #l#


You could see a worm.

Vanquished Creatures
  A centaur (D:3)
  A jelly (D:3)
  An adder (D:2)
  An ooze (D:2)
  A dart slug (D:1)
  3 leopard geckos
  4 orcs
  A ball python (D:2)
  6 giant cockroaches
  5 goblins
  5 hobgoblins
  6 jackals
  2 quokkas (D:2)
  6 bats
  2 frilled lizards
  7 kobolds
  8 rats
60 creatures vanquished.

Notes
Turn   | Place    | Note
-------+----------+-------------------------------------------
     0 | D:1      | MrMeerkat the Gargoyle Monk began the quest for the Orb.
     0 | D:1      | Reached XP level 1. HP: 14/14 MP: 1/1
   121 | D:1      | Reached XP level 2. HP: 19/19 MP: 2/2
   501 | D:1      | Reached XP level 3. HP: 18/23 MP: 3/3
  1512 | D:2      | Reached XP level 4. HP: 28/28 MP: 4/4
  2110 | D:3      | Noticed a centaur
  2137 | D:3      | Killed a centaur
  2137 | D:3      | Reached skill level 1 in Armour
  2137 | D:3      | Reached skill level 1 in Shields
  2137 | D:3      | Reached XP level 5. HP: 18/33 MP: 5/5
  2195 | D:3      | Killed from afar by a frilled lizard

Skill      XL: |  1  2  3  4  5 |
---------------+----------------+-----
Maces & Flails | 4 |  4.7
Armour         | 1 |  1.2
Dodging        | 3 |  3.0
Shields        | 1 |  1.1
Fighting       | 4 |  4.1
Stealth        | |  2.7

Action                   |  1- 3 |  4- 6 || total
-------------------------+-------+-------++-------
Melee: Mace              |   180 |    87 ||   267
       Morningstar       |       |     3 ||     3
  Use: Potion            |       |     5 ||     5
       Scroll            |       |     2 ||     2
 Stab: Sleeping          |     4 |       ||     4
  Eat: Ration            |     2 |     1 ||     3
Armor: Leather armour    |    76 |       ||    76
       Robe              |     2 |       ||     2
       Scale mail        |       |    86 ||    86
Dodge: Dodged            |   140 |    56 ||   196
Block: Shield            |     3 |    57 ||    60
